Map: Odyssey LE

Players

Juxtapose - Winner!

  • Race: Zerg Zerg
  • League: Gold
  • Spawn Location: 5:00

UdonSoup

  • Race: Zerg Zerg
  • League: Platinum
  • Spawn Location: 11:00

VOD

https://youtu.be/HlNk6cik2Uo

Description

In this match I focus better on my Macro and timings, as well as more on productions over upgrades and I not only do better but feel more confident.

My opponent being around my skill level also helps as well!

Time

  • Played on: Nov. 4, 2017, 1:46 p.m.
  • Length: 12:11
Show
View Real Time Build Order
Export as new Build Order

Juxtapose Zerg - Winner!

Build Orders: Hatch First 

Get SALT Encoding   

  12  0:01  Drone  
  13  0:09  Drone  
  14  0:17  Overlord  
  14  0:36  Drone x2  
  16  0:52  Hatchery, Drone  
  16  0:59  Overlord  
  16  1:03  Drone  
  17  1:10  Drone  
  18  1:17  Extractor  
  17  1:19  Drone  
  18  1:30  Drone  
  19  1:36  Spawning Pool  
  18  1:42  Drone  
  19  1:51  Drone  
  20  2:04  Drone x2  
  22  2:16  Drone x2  
  24  2:23  Queen  
  24  2:25  Drone  
  24  2:26  Queen  
  24  2:27  Drone  
  30  2:33  Metabolic Boost  
  30  2:37  Overlord  
  30  2:38  Zergling x2  
  30  2:41  Spine Crawler  
  30  2:46  Spine Crawler, Drone  
  30  2:49  Zergling x2  
  30  3:00  Drone  
  30  3:01  Zergling x2  
  32  3:07  Extractor  
  31  3:12  Roach Warren  
  31  3:15  Drone x2  
  32  3:26  Drone x2  
  34  3:34  Drone  
  34  3:35  Drone  
  36  3:41  Lair  
  36  3:50  Drone x4  
  36  3:51  Drone x3  
  36  3:53  Overlord  
  43  4:07  Overlord  
  43  4:11  Queen  
  43  4:13  Drone x2  
  47  4:18  Roach x2  
  47  4:20  Overlord  
  51  4:40  Extractor  
  51  4:44  Drone x3  
  51  4:45  Drone x3  
  56  4:47  Queen  
  58  4:57  Roach x2  
  62  5:03  Overseer x2  
  62  5:06  Overseer  
  62  5:15  Extractor  
  61  5:24  Evolution Chamber  
  61  5:25  Burrow  
  60  5:36  Glial Reconstitution  
  60  5:38  Roach x3  
  60  5:39  Roach  
  68  5:45  Spire  
  67  6:01  Hatchery, Ravager  
  67  6:02  Overlord x3  
  67  6:03  Overlord x2  
  67  6:29  Roach x4  
  67  6:30  Roach x2  
  76  6:47  Drone x2  
  78  6:56  Roach x4  
  86  7:20  Roach x4  
  86  7:21  Overlord, Roach  
  86  7:22  Overlord  
  96  7:39  Roach x2  
  96  7:40  Roach x6  
  112  7:45  Mutalisk  
  112  7:46  Mutalisk x4  
  122  8:09  Drone x3  
  122  8:10  Drone x5  
  130  8:19  Unknown  
  128  8:44  Mutalisk x4  
  130  8:51  Spine Crawler  
  130  8:55  Overlord x2  
  129  8:56  Overlord  
  129  8:58  Zergling x2  
  130  9:16  Mutalisk x6  
  130  9:17  Mutalisk x2  
  138  9:18  Overlord x2  
  138  9:19  Zergling x2, Overlord  
  138  9:20  Zergling x6  
  147  9:45  Mutalisk x3  
  143  9:46  Mutalisk  
  131  10:03  Roach x2  
  131  10:04  Roach x5  
  131  10:06  Zergling x4, Roach  
  131  10:07  Zergling x12  
  147  11:01  Roach x4  
  147  11:02  Roach x3  
  143  11:17  Roach x4  
  112  11:35  Drone x3  
  106  11:50  Drone x4  
  106  11:51  Drone x3  
Show
View Real Time Build Order
Export as new Build Order

UdonSoup Zerg 

Build Orders: Pool First 

Get SALT Encoding   

  12  0:02  Drone  
  13  0:17  Overlord  
  13  0:18  Drone  
  14  0:35  Drone  
  14  0:36  Drone  
  16  0:46  Drone  
  17  0:50  Drone  
  17  0:51  Spawning Pool  
  17  1:04  Drone  
  17  1:07  Extractor  
  17  1:12  Drone  
  18  1:36  Drone  
  18  1:37  Hatchery, Drone  
  18  1:38  Queen  
  21  1:48  Overlord  
  21  2:07  Drone  
  21  2:08  Drone  
  23  2:18  Metabolic Boost  
  23  2:24  Spine Crawler  
  23  2:27  Zergling x4  
  24  2:35  Baneling Nest  
  23  2:37  Queen  
  25  2:50  Queen  
  27  3:01  Drone x3  
  27  3:02  Drone x2  
  32  3:08  Overlord  
  32  3:16  Extractor  
  31  3:27  Spine Crawler, Baneling x2  
  30  3:42  Drone x6  
  36  3:48  Lair  
  36  3:58  Roach Warren  
  35  4:34  Overlord x3  
  35  4:39  Evolution Chamber  
  35  4:44  Baneling  
  34  4:50  Overlord  
  34  4:51  Drone x10  
  44  4:56  Overlord  
  44  5:02  Glial Reconstitution  
  44  5:07  Zerg Missile Weapons Level 1  
  44  5:24  Baneling  
  44  5:44  Roach  
  44  5:45  Roach x12  
  70  5:59  Extractor  
  70  6:02  Overseer, Extractor  
  68  6:11  Hatchery  
  68  6:16  Unknown  
  66  6:30  Roach x9  
  83  6:35  Overlord x3  
  83  6:55  Evolution Chamber  
  82  7:02  Zerg Ground Armor Level 1  
  82  7:08  Drone x9  
  83  7:09  Drone  
  83  7:14  Overseer  
  92  7:17  Overseer  
  92  7:40  Zerg Missile Weapons Level 2  
  92  7:42  Tunneling Claws  
  92  7:45  Burrow  
  92  7:48  Centrifical Hooks  
  90  8:06  Roach x9  
  108  8:47  Overlord x4  
  108  8:48  Overlord  
  108  9:08  Roach x7  
  108  9:09  Roach x3  
  128  9:27  Zerg Ground Armor Level 2  
  128  9:32  Hatchery  
  109  9:49  Spore Crawler  
  109  9:51  Spore Crawler  
  109  9:52  Spore Crawler  
  86  9:53  Spore Crawler  
  86  9:55  Spore Crawler x2  
  86  9:58  Spore Crawler  
  58  10:02  Hydralisk Den  
  57  10:17  Pneumatized Carapace  
  57  10:22  Roach x3  
  57  10:23  Roach x11  
  85  10:36  Muscular Augments  
  85  10:37  Hydralisk  
  85  10:49  Roach x5  
  80  10:50  Roach  
  80  10:51  Roach x3  
  80  10:52  Roach  
  80  10:58  Spore Crawler  
  80  11:00  Queen  
  53  11:14  Roach  
  53  11:15  Roach x5  
  54  11:25  Hydralisk  
  51  11:26  Roach  
Tags
 
Add a new tag
Caveats
  • Supply blocks, unpowered buildings, or Contaminate may cause inaccurate times.
  • Supply counts are checked every 10 seconds.